 Dungeon Crawl Stone Soup version 0.28.0-53-g5a82cb258f (webtiles) character file.

Game seed: 1054689867051336724

30 H0rd4k the Charlatan (level 3, -8/26 HPs)
             Began as a Human Artificer on July 4, 2022.
             Mangled by Sigmund
             ... wielding a +0 scythe
              (10 damage)
             ... on level 2 of the Dungeon.
             The game lasted 00:01:02 (1823 turns).

H0rd4k the Charlatan (Human Artificer)              Turns: 1823, Time: 00:01:02

Health: -8/26      AC:  3    Str: 12    XL:     3   Next: 35%
Magic:  3/3        EV: 11    Int: 13    God:
Gold:   63         SH:  0    Dex: 13    Spells: 2/2 levels left

rFire   . . .      SeeInvis .   i - +3 dagger
rCold   + . .      Faith    .   (no shield)
rNeg    . . .      Spirit   .   b - +0 leather armour
rPois   .          Reflect  .   (no helmet)
rElec   .          Harm     .   (no cloak)
rCorr   .          Rampage  .   (no gloves)
Will    .....                   (no boots)
Stlth   +.........              (no amulet)
HPRegen 0.08/turn               m - ring of protection from cold
MPRegen 0.08/turn               (no ring)

@: confused
A: no striking features
a: no special abilities


You were on level 2 of the Dungeon.
You visited 1 branch of the dungeon, and saw 2 of its levels.

You collected 63 gold pieces.

Inventory:

Hand Weapons
 a - a +0 club
 i - a +3 dagger (weapon)
Armour
 b - a +0 leather armour (worn)
Jewellery
 m - a ring of protection from cold (left hand)
Wands
 c - a wand of flame (15) (quivered)
 d - a wand of charming (14)
Scrolls
 g - a scroll of fear {unknown}
 h - a scroll of identify {unknown}
 j - a scroll of teleportation {unknown}
 k - a scroll of holy word {unknown}
 l - a scroll of immolation {unknown}
Potions
 f - 2 potions of flight {unknown}
Miscellaneous
 e - a piece from Xom's chessboard (15/15)


   Skills:
 + Level 1.2 Fighting
 + Level 0.3 Maces & Flails
 - Level 2.0 Armour
 + Level 1.2 Dodging
 - Level 1.0 Stealth
 + Level 3.9 Evocations


You had 2 spell levels left.
You didn't know any spells.
Your spell library was empty.

Dungeon Overview and Level Annotations

Branches:
Dungeon (2/15)

Altars:

Annotations:
D:2 Sigmund


Message History

There is an open door here.
There is an open door here.
You see here a +0 short sword.
Key pressed, stopping travel.
Done exploring.
No target in view!
Done exploring.
Done exploring.
No target in view!
Done exploring.
(D) Dungeon
Where to? (Enter - D:2, ? - help)
There is an open door here.
There is a stone staircase leading down here.
You climb downwards.
There is a stone staircase leading up here.
Key pressed, stopping travel.
Sigmund the Dreaded comes into view.
He is wielding a +0 scythe.
Found 8 gold pieces.
Sigmund shouts!
Sigmund is nearby!
Found a stone staircase leading up.
Sigmund is nearby!
Sigmund barely misses you.
Sigmund is nearby!
You hit Sigmund.
Sigmund is lightly wounded.
Sigmund gestures at you while chanting. The magic dart hits you!
You barely miss Sigmund.
Sigmund is lightly wounded.
Sigmund casts a spell at you.
You are confused.
Sigmund gestures at you while chanting. The puff of flame hits you!
Sigmund points at you and mumbles some strange words.
The puff of flame hits you!
* * * LOW HITPOINT WARNING * * *
Sigmund hits you from afar with a +0 scythe!
You die...

.......
...........
.......... ....
.......... .......
......... .......
........
.$.....###....####
.......+.@........
.......###....###
..........@...+
..............#
##+###.##....#
#<#..<#.#
#.#.#.#.# #.#. .#
# #.#. .#


You could see Sigmund.

Vanquished Creatures
  A dart slug (D:1)
  2 bats (D:1)
  3 endoplasms (D:1)
  2 giant cockroaches (D:1)
  3 goblins (D:1)
  3 hobgoblins (D:1)
  A quokka (D:1)
  A ball python (D:1)
  3 kobolds (D:1)
  5 rats (D:1)
24 creatures vanquished.

Vanquished Creatures (collateral kills)
  A goblin (D:1)
1 creature vanquished.

Grand Total: 25 creatures vanquished

Notes
Turn   | Place    | Note
-------+----------+-------------------------------------------
     0 | D:1      | H0rd4k the Human Artificer began the quest for the Orb.
     0 | D:1      | Reached XP level 1. HP: 15/15 MP: 1/1
   160 | D:1      | Reached XP level 2. HP: 19/21 MP: 2/2
  1138 | D:1      | Found a faded altar of an unknown god.
  1155 | D:1      | Reached XP level 3. HP: 26/26 MP: 3/3
  1816 | D:2      | Noticed Sigmund
  1823 | D:2      | Mangled by Sigmund

Illustrated notes

Levels and vault maps discovered:
D:1:      elethiomel_arrival_diamonds, layout_loops_corners,
          ebering_ecumenical_altar_mist
D:2:      layout_basic, basic_altar, kennysheep_cross_bottleneck, st_stairs_1,
          uniq_terence, uniq_sigmund, uniq_robin

Action                   || total
-------------------------++-------
Melee: Club              ||    37
       Dagger            ||    34
Evoke: Wand              ||     1
 Stab: Sleeping          ||     1
Armor: Leather armour    ||    18
Dodge: Dodged            ||    33
